 Dungeon Crawl Stone Soup version 0.28.0-47-ge53b351184 (webtiles) character file.

Game seed: 3389649433614933516

179 Descartes the Chopper (level 5, -11/38 HPs)
             Began as a Formicid Warper on May 2, 2022.
             Mangled by Sheol's ghost (14 damage)
             ... on level 3 of the Dungeon.
             The game lasted 00:06:12 (4113 turns).

Descartes the Chopper (Formicid Warper)             Turns: 4113, Time: 00:06:13

Health: -11/38     AC:  8    Str: 17    XL:     5   Next: 90%
Magic:  8/8        EV: 11    Int: 13    God:
Gold:   174        SH:  0    Dex: 10    Spells: 8/8 levels left

rFire   . . .      SeeInvis +   p - +0 war axe
rCold   + . .      Faith    .   (no shield)
rNeg    . . .      Spirit   .   s - +1 leather armour {Will+}
rPois   .          Reflect  .   (helmet unavailable)
rElec   .          Harm     .   (no cloak)
rCorr   .          Rampage  .   (no gloves)
Will    +....                   (no boots)
Stlth   +.........              (no amulet)
HPRegen 0.12/turn               b - +4 ring of protection
MPRegen 0.11/turn               o - ring of protection from cold

@: no status effects
A: permanent stasis, dig shafts and tunnels, antennae 3, four strong arms
a: Dig, Shaft Self


You were on level 3 of the Dungeon.
You visited 1 branch of the dungeon, and saw 3 of its levels.

You collected 174 gold pieces.

Inventory:

Hand Weapons
 p - a +0 war axe (weapon)
Missiles
 c - 5 boomerangs of dispersal (quivered)
 i - 82 stones
Armour
 l - the +0 robe of Feral Brilliance {rF+}
   (You found it on level 2 of the Dungeon)

   rF:        It protects you from fire.
 s - a +1 leather armour of willpower (worn)
Jewellery
 b - a +4 ring of protection (left hand)
 n - a +6 ring of strength
 o - a ring of protection from cold (right hand)
Scrolls
 d - a scroll of noise {unknown}
 e - 3 scrolls of identify {unknown}
 f - 2 scrolls of amnesia {unknown}
 g - 2 scrolls of magic mapping {unknown}
 j - a scroll of acquirement {unknown}
 m - a scroll of holy word {unknown}
 r - a scroll of fog {unknown}
Potions
 a - a potion of mutation {unknown}
 h - a potion of brilliance {unknown}
 k - a potion of attraction {unknown}


   Skills:
 - Level 2.1 Fighting
 + Level 5.3 Axes
 - Level 1.0 Throwing
 + Level 2.1 Armour
 - Level 1.7 Dodging
 - Level 2.1 Spellcasting
 - Level 2.6 Translocations


You had 8 spell levels left.
You didn't know any spells.
Your spell library contained the following spells:

 Spells                   Type           Power      Damage    Failure   Level
 Magic Dart               Conj           4%         1d3       30%         1
 Gell's Gravitas          Tloc           8%         N/A       30%         3
 Lesser Beckoning         Tloc           8%         N/A       30%         3
 Teleport Other           Tloc           8%         N/A       30%         3
 Searing Ray              Conj           2%         2d4       41%         2
 Manifold Assault         Tloc           8%         N/A       95%         5
 Fulminant Prism          Conj/Hex       0%         3d6       96%         4
 Blink                    Tloc           Unusable   N/A       N/A         2

Dungeon Overview and Level Annotations

Branches:
Dungeon (3/15)

Altars:

Annotations:
D:1 Sigmund
D:3 Sheol's ghost, weakling MiFi


Innate Abilities, Weirdness & Mutations

You cannot be hasted, slowed, berserked, paralysed or teleported.
You can dig through walls and to a lower floor.
You have a pair of large antennae on your head. (SInv)
Your four strong arms can wield two-handed weapons with a shield.


Message History

The jackal bites you.
You closely miss the jackal. The jackal bites you.
You hit the jackal.
You kill the jackal!
Sheol's ghost hits you.
You hit Sheol's ghost.
Sheol's ghost is lightly damaged.
Sheol's ghost hits you.
You hit Sheol's ghost but do no damage.
Sheol's ghost is lightly damaged.
Sheol's ghost hits you.
You closely miss Sheol's ghost.
Sheol's ghost is lightly damaged.
Sheol's ghost hits you but does no damage.
You hit Sheol's ghost.
Sheol's ghost is moderately damaged.
Sheol's ghost closely misses you.
You barely miss Sheol's ghost.
Sheol's ghost is moderately damaged.
Sheol's ghost hits you!
Sheol's ghost shrieks, "You must not succeed where I failed!"
Sheol's ghost barely misses you.
You hit Sheol's ghost.
Sheol's ghost is moderately damaged.
Sheol's ghost hits you but does no damage.
You slash Sheol's ghost!
Sheol's ghost is severely damaged.
Sheol's ghost hits you.
You hit Sheol's ghost but do no damage.
Sheol's ghost is severely damaged.
Sheol's ghost hits you.
You hit Sheol's ghost.
Sheol's ghost is severely damaged.
Sheol's ghost hits you but does no damage.
Sheol's ghost hits you!
* * * LOW HITPOINT WARNING * * *
You barely miss Sheol's ghost.
Sheol's ghost is severely damaged.
Sheol's ghost hits you!
You die...

# #........#.....#.# #
#........#.#####.# #
#...)....#.# #.# #
########.#.# #.# #
##.#.#####.#
###########..........#
...............#######
......#######################
......'.....ggKW@...........#
......##g##################.#
............## #.#
........g....# #.#
.#########.W.# #.#
.#......g#...# #.#
.#.......#g..######### #.#
.#.......'K..........# #.#
.#.$.....'...........# #.#


You could see Sheol's ghost, a gnoll, a hobgoblin and a kobold.

Vanquished Creatures
  2 orc wizards (D:3)
  4 adders
  An ufetubus (D:3)
  A dart slug (D:1)
  7 orcs (D:3)
  5 endoplasms
  12 goblins
  4 hobgoblins
  4 jackals
  6 kobolds
  2 quokkas
  8 ball pythons
  11 bats
  9 frilled lizards
  4 rats
80 creatures vanquished.

Notes
Turn   | Place    | Note
-------+----------+-------------------------------------------
     0 | D:1      | Descartes the Formicid Warper began the quest for the Orb.
     0 | D:1      | Reached XP level 1. HP: 16/16 MP: 3/3
   257 | D:1      | Reached XP level 2. HP: 22/22 MP: 5/5
   280 | D:1      | Reached skill level 3 in Axes
   654 | D:1      | Reached XP level 3. HP: 26/27 MP: 6/6
  1334 | D:2      | Noticed Sigmund
  1627 | D:2      | Reached skill level 4 in Axes
  1627 | D:2      | Reached XP level 4. HP: 16/33 MP: 7/7
  1633 | D:2      | Identified the +0 robe of Feral Brilliance {rF+}
  2503 | D:3      | Found a runed translucent gate.
  2503 | D:3      | Noticed Sheol's ghost (weakling MiFi)
  2504 | D:3      | Found a runed translucent gate.
  2505 | D:3      | Found a runed translucent gate.
  2695 | D:3      | Reached XP level 5. HP: 31/38 MP: 8/8
  2945 | D:3      | Reached skill level 5 in Axes
  4113 | D:3      | Mangled by Sheol's ghost

Illustrated notes

Levels and vault maps discovered:
D:1:      amcnicky_arrival_flooded_fountain, layout_loops_cross,
          hangedman_feature_mirror, minmay_lizard_pond
D:2:      layout_rooms, uniq_sigmund
D:3:      layout_basic, gammafunk_ghost_split, minmay_misc_feat_x,
          minmay_pentangle

Skill      XL: |  1  2  3  4  5 |
---------------+----------------+-----
Axes           | 3 4 5 |  5.3
Armour         | 2 |  2.1
Fighting       | |  2.1
Throwing       | |  1.0
Dodging        | |  1.7
Spellcasting   | |  2.1
Translocations | |  2.6

Action                   |  1- 3 |  4- 6 || total
-------------------------+-------+-------++-------
Melee: Hand axe          |   112 |    48 ||   160
       Punch             |     1 |       ||     1
       War axe           |       |    97 ||    97
Armor: Leather armour    |    28 |    70 ||    98
       Scale mail        |       |     6 ||     6
Dodge: Dodged            |    64 |    93 ||   157
